 Dungeon Crawl Stone Soup version 0.30-a0-474-g5673dd7ce6 (webtiles) character file.

Game seed: 5337237243009378445

49 Bnni the Slasher (level 3, -1/31 HPs)
             Began as a Draconian Gladiator on Dec 20, 2022.
             Slain by a white imp (5 damage)
             ... summoned by Natasha
             ... on level 2 of the Dungeon.
             The game lasted 00:02:10 (1048 turns).

Bnni the Slasher (Draconian Gladiator)              Turns: 1048, Time: 00:02:10

Health: -1/31      AC:  5    Str: 16    XL:     3   Next: 53%
Magic:  3/3        EV:  9    Int: 16    God:
Gold:   70         SH:  0    Dex: 12    Spells: 2/2 levels left

rFire   . . .      SeeInvis .    a - +0 long sword
rCold   . . .      Faith    .    (no shield)
rNeg    . . .      Spirit   .    (body armour unavailable)
rPois   +          Reflect  .    b - +0 hat
rElec   .          Harm     .    (no cloak)
rCorr   .          Rampage  .    (no gloves)
Will    .....                    (no boots)
Stlth   +.........               (no amulet)
HPRegen 0.25/turn                h - ring of poison resistance
MPRegen 0.08/turn                e - +6 ring of intelligence

@: grasped by roots, slowed, constricted, very slow
A: AC +5, unfitting armour, cold-blooded
a: no special abilities


You were on level 2 of the Dungeon.
You visited 1 branch of the dungeon, and saw 2 of its levels.

You collected 70 gold pieces.

Inventory:

Hand Weapons
 a - a +0 long sword (weapon)
Missiles
 c - 3 throwing nets (quivered)
 d - a javelin
Armour
 b - a +0 hat (worn)
Jewellery
 e - a +6 ring of intelligence (right hand)
 h - a ring of poison resistance (left hand)
Scrolls
 f - a scroll of poison {unknown}
 g - a scroll of teleportation {unknown}


   Skills:
 + Level 3.0 Fighting
 * Level 4.1 Long Blades
 - Level 1.7 Throwing
 - Level 2.6 Dodging


You had 2 spell levels left.
You didn't know any spells.
Your spell library contained the following spells:

 Spells                   Type           Power      Damage    Failure   Level
 Tukima's Dance           Hex            0%         N/A       58%         3
 Passage of Golubria      Tloc           0%         N/A       94%         4
 Yara's Violent Unravell  Hex/Tmut       0%         3d3       100%        5


Dungeon Overview and Level Annotations

Branches:
Dungeon (2/15)

Altars:

Shops:
D:1 =

Annotations:
D:2 Natasha


Innate Abilities, Weirdness & Mutations

Your plain brown scales are hard. (AC +5)
You cannot fit into any form of body armour.
You are cold-blooded and may be slowed by cold attacks.


Message History

The rat is severely wounded.
The rat bites you but does no damage.
You hit the rat.
You kill the rat!
No target in view!
Natasha, Servant of Life and Death comes into view.
She is carrying a wand of roots (6).
Natasha hisses angrily.
Natasha casts a spell at you.
You feel yourself slow down.
Natasha is nearby!
Natasha drinks a potion.
Natasha seems to grow stronger.
Natasha zaps a wand.
The roots erupt in riotous growth!
The grasping roots grab you!
Natasha is unaffected.
The grasping roots constrict you.
You hit Natasha.
Natasha is moderately wounded.
Natasha casts a spell.
The grasping roots constrict you.
Natasha wildly gestures.
You feel troubled. Natasha claws you but does no damage.
The grasping roots constrict you.
The grasping roots release their grip on you.
You closely miss Natasha.
Natasha is moderately wounded.
Natasha claws you.
The white imp hits you but does no damage.
Natasha extends her claws.
Natasha zaps a wand.
The roots erupt in riotous growth!
The grasping roots grab you!
The white imp is unaffected.
Natasha is unaffected.
The grasping roots constrict you.
You hit Natasha but do no damage.
Natasha is moderately wounded.
The white imp hits you. The white imp freezes you. Natasha misses you.
The grasping roots constrict you.
* * * LOW HITPOINT WARNING * * *
The white imp hits you.
* * * LOW HITPOINT WARNING * * *
The white imp freezes you.
You die...

.....# ##...## .....#
##..# #.##.# ##.# #+##.#
#.# .....# # #.#
....##.# # #.# .....#.#
##.#.#
.>.....###....##########
...............5@h......
.......###...###########
.....# #..# ....##......
>.......##.# ..#####.##.
..##.## #. ..#...#.
.........


You could see Natasha (strong) and a white imp (summoned).

Vanquished Creatures
  A worm (D:2)
  2 dart slugs (D:1)
  3 ball pythons (D:1)
  3 bats (D:1)
  5 endoplasms (D:1)
  4 giant cockroaches (D:1)
  2 goblins (D:1)
  A hobgoblin (D:2)
  2 jackals (D:1)
  7 kobolds (D:1)
  A quokka (D:1)
  A frilled lizard (D:1)
  6 rats
38 creatures vanquished.

Notes
Turn   | Place    | Note
-------+----------+-------------------------------------------
     0 | D:1      | Bnni the Draconian Gladiator began the quest for the Orb.
     0 | D:1      | Reached XP level 1. HP: 17/17 MP: 1/1
   186 | D:1      | Reached XP level 2. HP: 13/25 MP: 2/2
   393 | D:1      | Reached XP level 3. HP: 24/30 MP: 3/3
   468 | D:1      | Found Mugy's Jewellery Emporium.
   477 | D:1      | Reached skill level 4 in Long Blades
   690 | D:1      | Found a faded altar of an unknown god.
  1042 | D:2      | Noticed Natasha
  1048 | D:2      | Slain by a white imp

Illustrated notes

Levels and vault maps discovered:
D:1:      sevenhm_arrival_forest_fort_small_3, layout_loops_ring,
          shapermc_ecumenical_altar_ellora, serial_shops, nicolae_diamond_shop
D:2:      layout_loops_corners, kennysheep_generic_room_15, uniq_natasha,
          uniq_sigmund

Skill      XL: |  1  2  3 |
---------------+----------+-----
Long Blades    | 4 |  4.1
Fighting       | 3 |  3.0
Throwing       | |  1.7
Dodging        | |  2.6

Action                   || total
-------------------------++-------
Melee: Long sword        ||   113
       Tailslap          ||    10
       Punch             ||     1
 Stab: Sleeping          ||     3
Armor: Skin              ||    47
Dodge: Dodged            ||    92

Table legend: (Time is in decaauts)
 A = Elapsed time spent in this place.
 B = Non-inter-level travel time spent in this place.
 C = Inter-level travel time spent in this place.
 D = Time resting spent in this place.
 E = Time spent auto-exploring this place.
 F = Levels seen in this place.
 G = Mean time per level.
                   A        B        C        D        E       F      G
               +--------+--------+--------+--------+--------+-----+--------+
         Total |   1075 |   1039 |     36 |     85 |    690 |   2 |  537.5 |
       Dungeon |   1075 |   1039 |     36 |     85 |    690 |   2 |  537.5 |
               +--------+--------+--------+--------+--------+-----+--------+

Top non-repeatable levels by time:
     D:1: 944 daAuts
     D:2: 130 daAuts
